 Dungeon Crawl Stone Soup version 0.30-a0-782-ge64f9170bb (webtiles) character file.

Game seed: 12956914777384395665

7 Jane the Shooter (level 1, -4/19 HPs)
             Began as a Troll Hunter on Feb 20, 2023.
             Was a Follower of Lugonu.
             Slain by a gnoll
             ... wielding a +0 whip
              (5 damage)
             ... on level 2 of the Dungeon.
             The game lasted 00:10:17 (285 turns).

Jane the Shooter (Troll Hunter)                      Turns: 285, Time: 00:10:18

Health: -4/19      AC:  4    Str: 18    XL:     1   Next: 91%
Magic:  0/0        EV: 10    Int:  5    God:    Lugonu [*.....]
Gold:   25         SH:  0    Dex: 13    Spells: 0/0 levels left

rFire   + . .      SeeInvis .    a - +0 shortbow
rCold   x . .      Faith    .    (shield currently unavailable)
rNeg    . . .      Spirit   .    c - +0 robe
rPois   .          Reflect  .    (helmet restricted)
rElec   .          Harm     .    (no cloak)
rCorr   .          Rampage  .    (gloves unavailable)
Will    .....                    (boots unavailable)
Stlth   +                        (no amulet)
HPRegen 1.03/turn                e - ring of fire
MPRegen 0.07/turn                (no ring)

@: no status effects
A: large, unfitting armour, claws 3, regeneration 1, shaggy fur 1, tough skin 1
a: Renounce Religion, Depart the Abyss


You were on level 2 of the Dungeon.
You worshipped Lugonu.
Lugonu was aware of your devotion.
You visited 1 branch of the dungeon, and saw 2 of its levels.

You collected 25 gold pieces.

Inventory:

Hand Weapons
 a - a +0 shortbow (weapon)
Missiles
 f - 10 stones
Armour
 c - a +0 robe (worn)
 g - a +0 ring mail
Jewellery
 e - a ring of fire (left claw)
Scrolls
 b - a scroll of immolation
 k - 2 scrolls of identify {unknown}
Potions
 i - a potion of heal wounds {unknown}
 j - a potion of cancellation {unknown}


   Skills:
 + Level 1.5 Fighting
 + Level 3.0 Ranged Weapons
 + Level 1.5 Dodging
 + Level 0.3 Stealth


You couldn't memorise any spells.
You didn't know any spells.
Your spell library was empty.

Dungeon Overview and Level Annotations

Branches:
Dungeon (2/15)

Altars:
Lugonu


Innate Abilities, Weirdness & Mutations

You are too large for most types of armour.
You have claws for hands.
Your natural rate of healing is unusually fast.
You are covered in fur. (AC +1)
You have tough skin. (AC +1)


Message History

The jackal bites you.
A ball python comes into view.
A gnoll comes into view. It is wielding a +0 halberd.
A goblin comes into view. It is wielding a +0 club.
A gnoll comes into view. It is wielding a +0 whip.
You shoot an arrow. The arrow hits the jackal.
The jackal is almost dead.
The jackal bites you but does no damage.
The jackal closely misses you. The bat closely misses you.
The jackal barely misses you.
A gnoll comes into view. It is wielding a +0 spear.
The jackal bites you but does no damage.
The bat hits you but does no damage.
You shoot an arrow. The arrow barely misses the jackal.
The arrow hits the goblin.
You kill the goblin!
Lugonu accepts your kill. The bat barely misses you.
The jackal closely misses you. The jackal bites you.
The jackal closely misses you. The jackal bites you.
You shoot an arrow. The arrow misses the jackal.
The bat hits you. The jackal barely misses you. The jackal closely misses you.
The bat hits you but does no damage. The jackal bites you.
The jackal barely misses you. The gnoll barely misses you. The bat hits you.
You shoot an arrow. The arrow hits the jackal!
You kill the jackal!
Lugonu accepts your kill. The bat closely misses you.
The jackal bites you but does no damage.
The gnoll barely misses you.
The jackal bites you but does no damage.
Your Ranged Weapons skill increases to level 3!
You shoot an arrow. The arrow completely misses the jackal.
The bat hits you but does no damage.
The jackal bites you but does no damage.
The gnoll hits you with a +0 whip. The gnoll closely misses you.
The jackal bites you. The gnoll misses you.
The gnoll hits you from afar with a +0 spear!
* * * LOW HITPOINT WARNING * * *
The gnoll hits you with a +0 whip.
You die...

## . .# .## ..#
. . #)# ...
...!###h##.....
....SSb@†....).
.....gg#.......
.....#g ##.....
.... .. ....
... ##. ... ..
#. .. . ## .


You could see 3 gnolls, a jackal, a bat and 2 ball pythons.

Vanquished Creatures
  A bat (D:1)
  An endoplasm (D:1)
  A goblin (D:2)
  A hobgoblin (D:1)
  A jackal (D:2)
  A rat (D:1)
6 creatures vanquished.

Notes
Turn   | Place    | Note
-------+----------+-------------------------------------------
     0 | D:1      | Jane the Troll Hunter began the quest for the Orb.
     0 | D:1      | Reached XP level 1. HP: 19/19 MP: 0/0
   237 | D:1      | Found a faded altar of an unknown god.
   246 | D:1      | Prayed at the altar of an unknown god.
   246 | D:1      | Became a worshipper of Lugonu the Unformed
   246 | D:1      | Reached * piety under Lugonu
   285 | D:2      | Reached skill level 3 in Ranged Weapons
   285 | D:2      | Slain by a gnoll

Illustrated notes

Levels and vault maps discovered:
D:1:      nzn_arrival_settlement, layout_basic,
          hellmonk_ecumenical_altar_pennies_from_heaven, minmay_misc_feat_chi,
          nrook_loot_triangle, lexackson_kobold_supper
D:2:      layout_rooms, minmay_tromino_v2

Skill      XL: |  1 |
---------------+----+-----
Ranged Weapons | 3 |  3.0
Fighting       | |  1.5
Dodging        | |  1.5
Stealth        | |  0.3

Action                     || total
---------------------------++-------
   Fire: Shortbow          ||    18
    Use: Scroll            ||     1
 Armour: Robe              ||    20
  Dodge: Dodged            ||    35

Table legend: (Time is in decaauts)
 A = Elapsed time spent in this place.
 B = Non-inter-level travel time spent in this place.
 C = Inter-level travel time spent in this place.
 D = Time resting spent in this place.
 E = Time spent auto-exploring this place.
 F = Levels seen in this place.
 G = Mean time per level.
                   A        B        C        D        E       F      G
               +--------+--------+--------+--------+--------+-----+--------+
         Total |    290 |     75 |    215 |      0 |      0 |   2 |  145.0 |
       Dungeon |    290 |     75 |    215 |      0 |      0 |   2 |  145.0 |
               +--------+--------+--------+--------+--------+-----+--------+

Top non-repeatable levels by time:
     D:1: 282 daAuts
     D:2: 7 daAuts
